 Dungeon Sprint DCSS version 0.31-a0-920-g28cbb04a8c (webtiles) character file.

Game seed: 12155091672047220772

5554 sircluck the Grappler (level 10, -2/118 HPs)
             Began as a Troll Berserker on Oct 17, 2023.
             Was the Champion of Trog.
             Succumbed to a redback's poison
             ... in the Dungeon (Sprint III: "The Ten Rune Challenge").
             The game lasted 00:02:14 (844 turns).

sircluck the Grappler (Troll Berserker)              Turns: 844, Time: 00:02:15

Health: -2/118     AC:  4    Str: 35    XL:     10   Next: 44%
Magic:  9/9        EV: 12    Int:  2    God:    Trog [******]
Gold:   47         SH:  0    Dex:  8    Spells: 9/9 levels left

rFire   . .          .
                       - Unarmed
rCold   + . .        (no shield)
rNeg    . . .        a - +0 animal skin
rPois   .            (helmet restricted)
rElec   .            (no cloak)
rCorr   .            (gloves unavailable)
SInv    .            (boots unavailable)
Will    .....        (no amulet)
Stlth   +            (no ring)
HPRegen 1.19/turn    (no ring)
MPRegen 0.11/turn

%: no teleportation
@: lethally poisoned (-2 -> -147)
A: large, unfitting armour, claws 3, regeneration 1, shaggy fur 1, tough skin 1,
cold resistance 1, strong 1, subdued magic 1
a: Renounce Religion, Berserk, Trog's Hand, Brothers in Arms


You were in the Dungeon.
You worshipped Trog.
Trog was exalted by your worship.
You visited 1 branch You collected 47 gold pieces.

Inventory:

Armour
 a - a +0 animal skin (worn)
Wands
 n - a wand of charming (8)
Scrolls
 g - a scroll of blinking
 i - a scroll of poison {unknown}
 j - 2 scrolls of immolation {unknown}
 l - a scroll of identify {unknown}
Potions
 b - a potion of curing
 c - 2 potions of heal wounds
 d - a potion of haste
 e - 2 potions of magic
 f - a potion of berserk rage
 h - 2 potions of mutation
 k - a potion of degeneration {unknown}
 m - a potion of enlightenment {unknown}


   Skills:
 + Level 12.7 Fighting
 + Level 12.5 Dodging
 + Level 14.7 Unarmed Combat


You had 9 spell levels left.
You didn't know any spells.
Your spell library was empty.

Dungeon Overview and Level Annotations

Branches:
Dungeon (1/1)

Altars:
Cheibriados
Dithmenos
Elyvilon
Fedhas
Gozag
Hepliaklqana
Kikubaaqudgha
Makhleb
Nemelex Xobeh
Okawaru
Qazlal
Ru
Sif Muna
Trog
Uskayaw
Vehumet
Wu Jian
Xom
Yredelemnul
Zin
The Shining One
Jiyva
Lugonu

Annotations:
D Urug


Innate Abilities, Weirdness & Mutations

You are too large for most types of armour.
You have claws for hands.
Your natural rate of healing is unusually fast.
You are covered in fur. (AC +1)
You have tough skin. (AC +1)
Your flesh is cold resistant. (rC+)
Your muscles are strong. (Str +4, Int/Dex -1)
Your spells are a little easier to cast, but a little less powerful.


Message History

The redback is almost dead.
The redback completely misses you.
You claw the redback!
You kill the redback!
Trog accepts your kill.
No target in view!
No target in view!
No target in view!
No target in view!
No target in view!
No target in view!
No target in view!
No target in view!
HP restored.
A redback comes into view.
The redback bites you.
You are poisoned.
The redback poisons you!
You miss the redback.
You feel extremely sick. The redback bites you!
You are more poisoned.
The redback poisons you!
You claw the redback!
The redback is severely wounded.
You feel extremely sick. The redback closely misses you. The redback bites you!
You are more poisoned.
The redback poisons you!
You closely miss the redback. Your claw misses the redback.
The redback is severely wounded.
You feel extremely sick.
Urug the Orcish Ballista comes into view.
She is wielding a +1 demon trident.
The redback bites you!
* * * LOW HITPOINT WARNING * * *
You are more poisoned.
The redback poisons you!
Unknown command.
Unknown command.
You die...

.....#):.#__#...'##.#.#.##.#..##.
.....#___#__'...#)))#..#..##.††..
▓▓▓▓▓▓▓▓▓▓▓▓▓▓▓▓▓▓▓▓▓▓▓▓▓▓▓▓▓▓#.^
♣.....♣♣♣♣)~~........~~~...#..
♣.≈≈≈≈'♣♣†♣≈≈≈≈≈≈≈≈≈≈≈≈♣♣..'.^
+...††#.~♣♣♣♣♣♣♣♣♣♣♣♣♣♣♣♣P.#..
♣♣♣♣♣♣#..♣♣ ♣♣♣##+ ###'♣♣♣♣♣
♣♣♣♣.##.@## ♣...##.##.#
♣♣.##.##s## ♣..#.##o ♣♣.##.##
♣♣.##.# ♣.....# #######


There were no monsters in sight!

Vanquished Creatures
  Erolcha (D)
  A lindwurm (D)
  A deep elf pyromancer (D)
  2 cane toads (D)
  A komodo dragon (D)
  A rime drake (D)
  2 tyrant leeches (D)
  A shadow (D)
  4 redbacks (D)
  A spatial vortex (D)
  3 wandering mushrooms (D)
  A swamp drake (D)
  5 two-headed ogres (D)
  A necrophage (D)
  A water elemental (D)
  An arcanist (D)
  A jelly (D)
  Jessica (D)
  A necromancer (D)
  A kobold demonologist (D)
  3 humans (D)
  A phantom (D)
  2 endoplasms (D)
  A rat (D)
  A ballistomycete spore (D)
39 creatures vanquished.

Notes
Turn   | Place    | Note
-------+----------+-------------------------------------------
     0 | D        | sircluck the Troll Berserker began the quest for the Orb.
     0 | D        | Reached XP level 1. HP: 22/22 MP: 0/0
    14 | D        | Noticed Jessica
    15 | D        | Reached ** piety under Trog
    16 | D        | Killed Jessica
    17 | D        | Reached skill level 4 in Unarmed Combat
    17 | D        | Reached XP level 2. HP: 32/32 MP: 1/1
    17 | D        | Reached XP level 3. HP: 39/39 MP: 2/2
    38 | D        | Reached skill level 5 in Unarmed Combat
    54 | D        | Reached *** piety under Trog
    75 | D        | Gained mutation: You are weak. (Str -2) [potion of
                  | mutation]
    75 | D        | Gained mutation: You have sharp toenails. [potion of
                  | mutation]
    76 | D        | Lost mutation: You are weak. (Str -2) [potion of mutation]
    76 | D        | Lost mutation: You have sharp toenails. [potion of
                  | mutation]
    76 | D        | Gained mutation: You are agile. (Dex +4, Str/Int -1)
                  | [potion of mutation]
    76 | D        | Lost intelligence.
    76 | D        | Gained mutation: You are dopey. (Int -2) [potion of
                  | mutation]
    78 | D        | Lost mutation: You are dopey. (Int -2) [potion of mutation]
    78 | D        | Lost mutation: You are agile. (Dex +4, Str/Int -1) [potion
                  | of mutation]
    78 | D        | Gained mutation: Your muscles are strong. (Str +4, Int/Dex
                  | -1) [potion of mutation]
    78 | D        | Gained mutation: Your flesh is cold resistant. (rC+)
                  | [potion of mutation]
    78 | D        | Gained mutation: Your spells are a little easier to cast,
                  | but a little less powerful. [potion of mutation]
    93 | D        | Noticed a water elemental
    97 | D        | Killed a water elemental
    98 | D        | Reached skill level 5 in Fighting
    98 | D        | Reached skill level 5 in Dodging
    98 | D        | Reached skill level 6 in Unarmed Combat
    98 | D        | Reached XP level 4. HP: 41/50 MP: 3/3
   108 | D        | Found a glowing silver altar of Zin.
   108 | D        | Found a glowing golden altar of the Shining One.
   108 | D        | Found a white marble altar of Elyvilon.
   109 | D        | Noticed a deep elf pyromancer
   120 | D        | Killed a deep elf pyromancer
   121 | D        | Reached skill level 9 in Unarmed Combat
   121 | D        | Reached XP level 5. HP: 26/63 MP: 4/4
   121 | D        | Reached XP level 6. HP: 30/72 MP: 5/5
   121 | D        | Reached XP level 7. HP: 33/79 MP: 6/6
   176 | D        | Found a radiant altar of Vehumet.
   176 | D        | Found a shimmering blue altar of Sif Muna.
   176 | D        | Found an ancient bone altar of Kikubaaqudgha.
   178 | D        | Reached **** piety under Trog
   198 | D        | Found a hide-covered altar of Uskayaw.
   198 | D        | Found an iron altar of Okawaru.
   198 | D        | Found a bloodstained altar of Trog.
   198 | D        | Found an ornate altar of the Wu Jian Council.
   198 | D        | Noticed a human
   198 | D        | Noticed a human
   202 | D        | Killed a human
   203 | D        | Reached skill level 10 in Unarmed Combat
   209 | D        | Killed a human
   209 | D        | Reached ***** piety under Trog
   209 | D        | Received a gift from Trog
   231 | D        | Found a basalt altar of Yredelemnul.
   231 | D        | Found a shadowy altar of Dithmenos.
   231 | D        | Found a sacrificial altar of Ru.
   240 | D        | Noticed a shadow
   254 | D        | Killed a shadow
   255 | D        | Reached XP level 8. HP: 36/92 MP: 7/7
   309 | D        | Found a blossoming altar of Fedhas.
   309 | D        | Found a stormy altar of Qazlal.
   309 | D        | Found a snail-covered altar of Cheibriados.
   309 | D        | Found a burning altar of Makhleb.
   309 | D        | Found a shimmering altar of Xom.
   310 | D        | Found a hazy altar of Hepliaklqana.
   310 | D        | Found an opulent altar of Gozag.
   310 | D        | Found a sparkling altar of Nemelex Xobeh.
   310 | D        | Found a corrupted altar of Lugonu.
   310 | D        | Found a viscous altar of Jiyva.
   322 | D        | Reached skill level 11 in Unarmed Combat
   344 | D        | Received a gift from Trog
   406 | D        | Noticed a two-headed ogre
   413 | D        | Killed a two-headed ogre
   414 | D        | Reached skill level 10 in Fighting
   414 | D        | Reached skill level 10 in Dodging
   472 | D        | Noticed Erolcha
   479 | D        | Killed Erolcha
   480 | D        | Reached skill level 12 in Unarmed Combat
   480 | D        | Reached XP level 9. HP: 93/102 MP: 8/8
   480 | D        | Noticed a two-headed ogre
   484 | D        | Killed a two-headed ogre
   495 | D        | Reached skill level 13 in Unarmed Combat
   508 | D        | Noticed a wandering mushroom
   510 | D        | Noticed a wandering mushroom
   512 | D        | Noticed a wandering mushroom
   524 | D        | Killed a wandering mushroom
   531 | D        | Reached ****** piety under Trog
   563 | D        | Noticed a cane toad
   563 | D        | Noticed a komodo dragon
   563 | D        | Noticed a cane toad
   565 | D        | Killed a cane toad
   565 | D        | Received a gift from Trog
   571 | D        | Killed a komodo dragon
   574 | D        | Killed a cane toad
   575 | D        | Reached skill level 14 in Unarmed Combat
   575 | D        | Reached XP level 10. HP: 25/115 MP: 9/9
   809 | D        | Noticed a lindwurm
   813 | D        | Killed a lindwurm
   843 | D        | Noticed Urug
   844 | D        | Succumbed to a redback's poison

Illustrated notes

Levels and vault maps discovered:
D:        dungeon_sprint_mu [sprint_mu_entry_forest, sprint_mu_temple_rooms,
          sprint_mu_d1_spiders, sprint_mu_d2_genie, sprint_mu_d3_branching,
          sprint_mu_orc_legion, sprint_mu_elf_gauntlet, sprint_mu_hive_nellie,
          sprint_mu_lair_fedhas, sprint_mu_vaults_butterflies,
          sprint_mu_slime_circle, sprint_mu_swamp_cave, sprint_mu_snake_twists,
          sprint_mu_blade_basic, sprint_mu_crypt_lich, sprint_mu_tomb_spiral,
          sprint_mu_vestibule_basic, sprint_mu_gehenna_hellfire,
          sprint_mu_dis_giant, sprint_mu_tartarus_statrot,
          sprint_mu_cocytus_islands, sprint_mu_zot1]

Skill      XL: |  1  2  3  4  5  6  7  8  9 10 |
---------------+-------------------------------+-----
Fighting       | 3 5 7 9 10 12 | 12.7
Dodging        | 3 5 7 9 10 11 12 | 12.5
Unarmed Combat | 4 6 9 10 12 14 | 14.7

Action                     |  1- 3 |  4- 6 |  7- 9 | 10-12 || total
---------------------------+-------+-------+-------+-------++-------
  Melee: Unarmed           |    18 |     5 |    91 |    25 ||   139
         Punch             |       |       |     4 |     2 ||     6
 Invoke: Berserk           |       |     1 |       |     1 ||     2
    Use: Potion            |     3 |       |       |       ||     3
   Stab: Sleeping          |     1 |       |       |     1 ||     2
 Armour: Animal skin       |     8 |     3 |    40 |    12 ||    63
  Dodge: Dodged            |     6 |     2 |    32 |     7 ||    47

Table legend: (Time is in decaauts)
 A = Elapsed time spent in this place.
 B = Non-inter-level travel time spent in this place.
 C = Inter-level travel time spent in this place.
 D = Time resting spent in this place.
 E = Time spent auto-exploring this place.
 F = Levels seen in this place.
 G = Mean time per level.
                   A        B        C        D        E       F      G
               +--------+--------+--------+--------+--------+-----+--------+
         Total |    843 |    838 |      5 |    433 |    145 |   1 |  843.0 |
       Dungeon |    843 |    838 |      5 |    433 |    145 |   1 |  843.0 |
               +--------+--------+--------+--------+--------+-----+--------+

Top non-repeatable levels by time:
       D: 843 daAuts
